 Dungeon Crawl Stone Soup version 0.27.1 (webtiles) character file.

Game seed: 861033839771874396

74 acemry the Conjurer (level 4, -1/24 HPs)
             Began as a Deep Elf Conjurer on Sept 4, 2021.
             Killed by nerve-wracking pain
             ... invoked by Grinder
              (14 damage)
             ... on level 3 of the Dungeon.
             The game lasted 00:02:35 (1909 turns).

acemry the Conjurer (Deep Elf Conjurer)             Turns: 1909, Time: 00:02:35

Health: -1/24      AC:  2    Str:  4    XL:     4   Next: 9%
Magic:  5/11       EV: 12    Int: 24    God:
Gold:   82         SH:  0    Dex: 13    Spells: 6/9 levels left

rFire    . . .     SeeInvis .   (no weapon)
rCold    . . .     Faith    .   (no shield)
rNeg     . . .     Spirit   .   a - +0 robe
rPois    .         Reflect  .   (no helmet)
rElec    .         Harm     .   (no cloak)
rCorr    .         Rampage  .   (no gloves)
Will     .....                  (no boots)
Stlth    ++........             b - amulet of regeneration
HPRegen  1.08/turn              (no ring)
MPRegen  0.12/turn              (no ring)

@: no status effects
A: no striking features
a: no special abilities


You were on level 3 of the Dungeon.
You visited 1 branch of the dungeon, and saw 3 of its levels.

You collected 82 gold pieces.

Inventory:

Armour
 a - a +0 robe (worn)
Jewellery
 b - an amulet of regeneration (around neck)
Scrolls
 e - a scroll of enchant armour {unknown}
 f - a scroll of magic mapping {unknown}
 j - a scroll of enchant weapon {unknown}
 k - a scroll of teleportation {unknown}
Potions
 c - a potion of invisibility {unknown}
 d - 2 potions of curing {unknown}
 g - a potion of ambrosia {unknown}
 h - a potion of lignification {unknown}
 i - 2 potions of haste {unknown}


   Skills:
 - Level 2.6 Dodging
 - Level 2.4 Stealth
 + Level 3.4 Spellcasting
 * Level 6.0 Conjurations


You had 6 spell levels left.
You knew the following spells:

 Your Spells              Type           Power      Damage    Failure   Level
a - Magic Dart            Conj           100%       1d8       1%          1
b - Searing Ray           Conj           64%        3d5       1%          2

Your spell library contained the following spells:

 Spells                   Type           Power      Damage    Failure   Level
 Dazzling Flash           Conj/Hex       36%        N/A       9%          3
 Fulminant Prism          Conj/Hex       9%         3d7       30%         4
 Iskenderun's Mystic Bla  Conj/Tloc      18%        2d6       30%         4


Dungeon Overview and Level Annotations

Branches:
Dungeon (3/15)

Altars:

Annotations:
D:3 Grinder


Message History

A bat is nearby!
The magic dart hits the bat.
The bat is heavily wounded.
The magic dart hits the bat.
You kill the bat!
j - a scroll labelled PEHATIA MUHOWN
k - a scroll labelled XECWOMI GIPHO Grinder comes into view.
She is carrying a wand of polymorph (5).
The magic dart hits Grinder.
Grinder is lightly wounded.
Grinder blinks!
Casting: Magic Dart (safe; 1% risk of failure)
Confirm with . or Enter, or press ? or * to list all spells.
Aiming: Searing Ray (safe; 1% risk of failure)
Press: ? - help, Shift-Dir - straight line, f/p - Grinder
Aim: Grinder, carrying a wand of polymorph (5) (lightly wounded, 78% to hit)
The searing ray hits Grinder!
Grinder is moderately wounded. (Press . to maintain the ray.) Grinder hits you.
The searing ray hits Grinder!
Grinder is severely wounded.
Grinder gestures at you.
You suddenly lose the ability to move!
Grinder hits you.
You writhe in agony.
Grinder hits you. Grinder hits you.
You writhe in agony.
You can move again.
Casting: Searing Ray (safe; 1% risk of failure)
Confirm with . or Enter, or press ? or * to list all spells.
Aiming: Searing Ray (safe; 1% risk of failure)
Press: ? - help, Shift-Dir - straight line, f/p - Grinder
Aim: Grinder, carrying a wand of polymorph (5) (severely wounded, 78% to hit)
The searing ray hits Grinder.
Grinder is almost dead. (Press . to maintain the ray.) Grinder gestures at you.
Pain shoots through your body!
Ouch! That really hurt!
You die...

.. #. #.# ..
#.##
######..######
.......5.....+
#@## #..#
##.##
#######..#
........†##
..........#
........#.#
........#.##
........#..#


You could see Grinder.

Vanquished Creatures
  3 adders
  A dart slug (D:1)
  3 ball pythons (D:1)
  4 bats
  8 endoplasms
  A giant cockroach (D:1)
  5 goblins
  2 hobgoblins
  4 jackals
  3 kobolds
  A quokka (D:2)
  3 rats
38 creatures vanquished.

Notes
Turn   | Place    | Note
-------+----------+-------------------------------------------
     0 | D:1      | acemry the Deep Elf Conjurer began the quest for the Orb.
     0 | D:1      | Reached XP level 1. HP: 10/10 MP: 6/6
    61 | D:1      | Found a faded altar of an unknown god.
   156 | D:1      | Reached XP level 2. HP: 15/15 MP: 5/8
   388 | D:1      | Reached skill level 5 in Conjurations
   778 | D:2      | Learned a level 2 spell: Searing Ray
   833 | D:2      | Reached XP level 3. HP: 19/19 MP: 4/9
  1802 | D:3      | Reached skill level 6 in Conjurations
  1802 | D:3      | Reached XP level 4. HP: 24/24 MP: 4/11
  1902 | D:3      | Noticed Grinder
  1905 | D:3      | Paralysed by Grinder for 4 turns
  1909 | D:3      | Killed from afar by Grinder

Illustrated notes

Levels and vault maps discovered:
D:1:      dpeg_arrival_pits, layout_rooms, hellmonk_ecumenical_altar_run_dry,
          grunt_decor_arrowhead, minmay_misc_feat_enclosed
D:2:      layout_basic
D:3:      layout_basic, uniq_ijyb, uniq_grinder, uniq_robin

Skill      XL: |  1  2  3 |
---------------+----------+-----
Conjurations   | 5 6 |  6.0
Dodging        | |  2.6
Stealth        | |  2.4
Spellcasting   | |  3.4

Action                   |  1- 3 |  4- 6 || total
-------------------------+-------+-------++-------
 Cast: Magic Dart        |    63 |     3 ||    66
       Searing Ray       |     2 |     2 ||     4
